[Event "ICC Open 2015"]
[Site "Internet Chess Club"]
[Date "2015.05.29"]
[Round "3"]
[White "zona"]
[Black "Inmune"]
[Result "0-1"]
[ICCResult "White resigns"]
[WhiteElo "2532"]
[BlackElo "2957"]
[Opening "Ruy Lopez: fianchetto (Smyslov/Barnes) defense"]
[ECO "C60"]
[NIC "RL.03"]
[Time "14:26:53"]
[TimeControl "180+0"]

1. e4 e5 2. Nf3 Nc6 3. Bb5 g6 4. c3 d6 5. h3 Bd7 6. O-O Bg7 7. d4 Nf6 8.
Bxc6 Bxc6 9. d5 Bd7 10. Re1 O-O 11. c4 Nh5 12. Nc3 Re8 13. g4 Nf4 14. Bxf4
exf4 15. Qd2 g5 16. Nd4 c5 17. dxc6 bxc6 18. Rad1 Be5 19. b3 Qf6 20. f3 h5
21. Kg2 Kg7 22. Nce2 Rh8 23. Rh1 Rad8 24. Nf5+ Bxf5 25. exf5 d5 26. cxd5
Rxd5 27. Qc2 hxg4 28. hxg4 Rxh1 29. Kxh1 Qd6 30. Rxd5 cxd5 31. Nc1 Qb6 32.
Qe2 Qd4 33. Nd3 Bf6 34. Kg2 a5 35. Qd2 a4 36. bxa4 Qxa4 37. Nf2 Qc4 38. Nd3
d4 39. Nf2 Qc3 40. Ne4 Qa1 41. Nxf6 Kxf6 42. a3 Qc3 43. Qe2 d3 44. Qd1 Qc2+
45. Qxc2 dxc2 {White resigns} 0-1

[Event "ICC Open 2015"]
[Site "Internet Chess Club"]
[Date "2015.05.29"]
[Round "3"]
[White "RiFlex01"]
[Black "Prof-chess"]
[Result "1/2-1/2"]
[ICCResult "Black ran out of time and White has no material to mate"]
[WhiteElo "2145"]
[BlackElo "2832"]
[Opening "Caro-Kann: exchange variation"]
[ECO "B13"]
[NIC "CK.02"]
[Time "14:25:40"]
[TimeControl "180+0"]

1. e4 c6 2. d4 d5 3. exd5 cxd5 4. Bd3 Nc6 5. c3 Qc7 6. h3 g6 7. Nf3 Bg7 8.
Na3 a6 9. Nc2 Bf5 10. Bxf5 gxf5 11. Qd3 e6 12. g4 Nge7 13. Ne3 fxg4 14. hxg4
O-O-O 15. a4 Ng6 16. b4 Nf4 17. Qb1 Ne7 18. Bd2 Neg6 19. a5 e5 20. Nf5 e4
21. Ng5 Nd3+ 22. Kf1 Bf6 23. b5 Qc4 24. Kg1 Qxb5 25. Qxb5 axb5 26. Nxf7 Nb2
27. N5d6+ Kd7 28. Nxb7 Nc4 29. Nc5+ Ke7 30. Nxd8 Nxd2 31. Nc6+ Kd6 32. Nb4
Nf3+ 33. Kf1 Bg5 34. Rh5 Nf4 35. Rxg5 Nxg5 36. a6 h5 37. a7 hxg4 38. Ra6+
Ke7 39. Nxd5+ Nxd5 40. a8=Q Rxa8 41. Rxa8 Nxc3 42. Rg8 Kf6 43. Nd7+ Kf5 44.
Ne5 Nf3 45. Nxf3 gxf3 46. Rc8 Na4 47. Rb8 Nc3 48. Rc8 Na4 49. Re8 Nc3 50.
Re5+ Kf4 51. Rc5 b4 52. Rc4 Nd5 53. Rc5 Nc3 54. Rc8 Na2 55. Rb8 Kf5 56. Re8
Kf6 57. Ra8 Ke6 58. Rxa2 Kd5 59. Rc2 b3 60. Ke1 bxc2 61. Kd2 Kxd4 62. Kxc2
e3 63. fxe3+ Kxe3 64. Kc3 f2 65. Kc4 f1=Q+ 66. Kc5 Qe2 67. Kd6 Qd3+ 68. Kc7
Qe4 69. Kb6 Kd4 70. Kb5 Qe5+ 71. Kb6 Qc5+ 72. Ka6 Kd5 73. Kb7 Kd6 74. Kb8
Qb4+ 75. Ka7 {Black ran out of time and White has no material to mate}
1/2-1/2

[Event "ICC Open 2015"]
[Site "Internet Chess Club"]
[Date "2015.05.29"]
[Round "3"]
[White "RLH2"]
[Black "Warhabid"]
[Result "1-0"]
[ICCResult "Black forfeits on time"]
[WhiteElo "2904"]
[BlackElo "2310"]
[Opening "Nimzovich-Larsen attack: classical variation"]
[ECO "A01"]
[NIC "VO.08"]
[Time "14:26:24"]
[TimeControl "180+0"]

1. b3 d5 2. Bb2 Nf6 3. Nf3 Bg4 4. h3 Bxf3 5. exf3 Nbd7 6. f4 e6 7. Qf3 g6 8.
Nc3 Bg7 9. O-O-O c5 10. g4 O-O 11. f5 exf5 12. gxf5 Ne5 13. Qg2 d4 14. Ne4
Rc8 15. fxg6 hxg6 16. d3 Nd5 17. h4 Qa5 18. Kb1 c4 19. dxc4 Nc3+ 20. Nxc3
dxc3 21. Bc1 Rc6 22. Rd5 Qb4 23. Rb5 Qe7 24. h5 Ra6 25. hxg6 fxg6 26. Rxb7
Qe6 27. Qd5 Qxd5 28. cxd5 Rd6 29. f4 Nf3 30. Bd3 Nd2+ 31. Ka1 Rxf4 32. Rb8+
{Black forfeits on time}
1-0

[Event "ICC Open 2015"]
[Site "Internet Chess Club"]
[Date "2015.05.29"]
[Round "3"]
[White "Tunkki"]
[Black "vicmel"]
[Result "0-1"]
[ICCResult "White forfeits on time"]
[WhiteElo "1890"]
[BlackElo "1995"]
[Opening "Dutch: Leningrad, main variation with c6"]
[ECO "A88"]
[NIC "HD.05"]
[Time "14:25:26"]
[TimeControl "180+0"]

1. c4 f5 2. d4 Nf6 3. Nc3 g6 4. g3 Bg7 5. Bg2 d6 6. Nf3 O-O 7. O-O c6 8. Qc2
Na6 9. b3 Bd7 10. Bb2 Rb8 11. a4 Nb4 12. Qd2 a5 13. Rae1 Qc7 14. e4 fxe4 15.
Nxe4 Rbe8 16. Neg5 Qc8 17. Nh4 Bh6 18. f4 Ng4 19. Nhf3 Nf6 20. Re2 Qd8 21.
Rfe1 Bg7 22. Ne6 Bxe6 23. Rxe6 Rf7 24. Ng5 Rff8 25. d5 cxd5 26. Bxf6 Bxf6
27. Bxd5 Nxd5 28. Qxd5 Kg7 29. R6e2 Qb6+ 30. Kg2 Qc6 31. Ne6+ Kf7 32. Nxf8+
Kxf8 33. Qxc6 bxc6 34. g4 Rb8 35. Rb1 g5 36. Kf3 gxf4 37. Kxf4 Be5+ 38. Rxe5
dxe5+ 39. Kxe5 Kf7 40. h4 h6 41. g5 hxg5 42. hxg5 Kg6 43. Ke6 Kxg5 44. Kxe7
c5 45. Kd7 Kf4 46. Kc7 Re8 47. Kb6 Rb8+ 48. Kxa5 Ra8+ 49. Kb5 Rc8 50. Kb6
Ke5 {White forfeits on time} 0-1

[Event "ICC Open 2015"]
[Site "Internet Chess Club"]
[Date "2015.05.29"]
[Round "3"]
[White "cap78red"]
[Black "jps7"]
[Result "0-1"]
[ICCResult "White forfeits on time"]
[WhiteElo "1354"]
[BlackElo "1632"]
[Opening "English opening"]
[ECO "A13"]
[NIC "EO.64"]
[Time "14:25:42"]
[TimeControl "180+0"]

1. c4 e6 2. Nc3 d5 3. e3 d4 4. exd4 Qxd4 5. Nf3 Qd8 6. d4 Nf6 7. Be3 Bb4 8.
Be2 Bxc3+ 9. bxc3 O-O 10. O-O b6 11. Bg5 Bb7 12. Ne5 h6 13. Bh4 Qe7 14. Bf3
Bxf3 15. Qxf3 Nbd7 16. Nxd7 Qxd7 17. Bxf6 gxf6 18. Qxf6 Qc6 19. Qxh6 Qxc4
20. Rfe1 Qxc3 21. Rac1 Qxd4 22. Re3 f5 23. Rg3+ Kf7 24. Qg6+ Ke7 25. Rxc7+
Kd6 26. Rc1 Qf6 27. Rd3+ Ke7 28. Qh7+ Rf7 29. Rc7+ Kf8 30. Rxf7+ Qxf7 31.
Qh8+ Qg8 32. Qf6+ Qf7 33. Rd8+ Rxd8 34. Qxd8+ Kg7 35. Qg5+ Qg6 36. f4 Qxg5
37. fxg5 Kg6 38. h4 Kh5 39. g3 e5 40. Kf2 e4 41. Ke3 a5 42. Kf4 b5 43. Kxf5
e3 44. g6 e2 45. g7 e1=Q 46. g8=Q Qf2+ 47. Ke5 Qe3+ 48. Kd6 Qd4+ 49. Kc6
Qc4+ 50. Qxc4 bxc4 51. Kb5 c3 52. Kxa5 c2 53. Kb6 c1=Q 54. a4 Qb2+ 55. Ka6
Qb4 56. a5 Qd6+ 57. Ka7 Qc7+ 58. Ka6 Kg4 59. Kb5 Qa7 60. a6 Kxg3 61. h5 Kg4
62. h6 Kg5 63. h7 Qxh7 64. Kb6 Qg6+ 65. Kb7 Qf7+ 66. Ka8 Qd5+ 67. Kb8 Qb5+
{White forfeits on time}
0-1

[Event "ICC Open 2015"]
[Site "Internet Chess Club"]
[Date "2015.05.29"]
[Round "3"]
[White "Lucas"]
[Black "Dlugy"]
[Result "1-0"]
[ICCResult "Black checkmated"]
[WhiteElo "2541"]
[BlackElo "3039"]
[Opening "King's Indian: fianchetto, Kavalek (Bronstein) variation"]
[ECO "E60"]
[NIC "KI.74"]
[Time "14:26:27"]
[TimeControl "180+0"]

1. d4 Nf6 2. c4 g6 3. g3 Bg7 4. Bg2 O-O 5. Nf3 d6 6. O-O c6 7. Nc3 Qa5 8.
Re1 Nbd7 9. Rb1 e5 10. b4 Qc7 11. e3 Re8 12. a4 exd4 13. Nxd4 Ne5 14. Qb3 a6
15. Ba3 c5 16. bxc5 dxc5 17. Nf3 Bf5 18. e4 Nxf3+ 19. Bxf3 Be6 20. Nd5 Bxd5
21. exd5 Rxe1+ 22. Rxe1 Ne8 23. Qe3 Rc8 24. Qxc5 Qxc5 25. Bxc5 Nf6 26. Bb6
Nd7 27. c5 Nxc5 28. Bxc5 Rxc5 29. d6 Bf6 30. d7 Rc3 31. Bxb7 Rd3 32. Bc6 a5
33. Bb5 Rd2 34. Re2 Rd1+ 35. Kg2 Kg7 36. Rc2 h5 37. h4 Be7 38. Rc8 Kf6 39.
Ra8 Rd2 40. Rxa5 Bc5 41. Ra6+ Ke7 42. Ra8 Rxf2+ 43. Kh3 Rd2 44. Re8+ Kf6 45.
d8=Q+ Be7 46. Qxd2 Kg7 47. Rxe7 Kf6 48. Qg5+ Kg7 49. Bc4 Kf8 50. Rxf7+ Kg8
51. Qxg6+ Kh8 52. Qg7# {Black checkmated} 1-0

[Event "ICC Open 2015"]
[Site "Internet Chess Club"]
[Date "2015.05.29"]
[Round "3"]
[White "Andrei21"]
[Black "sibirica"]
[Result "1/2-1/2"]
[ICCResult "White ran out of time and Black has no material to mate"]
[WhiteElo "2992"]
[BlackElo "2573"]
[Opening "English: symmetrical, hedgehog, flexible formation"]
[ECO "A46"]
[NIC "EO.39"]
[Time "14:25:50"]
[TimeControl "180+0"]

1. d4 Nf6 2. Nf3 e6 3. g3 b6 4. Bg2 Bb7 5. O-O c5 6. c4 cxd4 7. Qxd4 Be7 8.
Nc3 d6 9. Rd1 a6 10. b3 Nbd7 11. Bb2 O-O 12. Qf4 Qc7 13. Rd2 Rfd8 14. Rad1
Rac8 15. h3 Nc5 16. Qe3 d5 17. cxd5 Nxd5 18. Nxd5 Rxd5 19. Nd4 Rdd8 20. Nf3
Rxd2 21. Rxd2 Ne4 22. Rd1 Bc5 23. Bd4 Rd8 24. Rc1 Qe7 25. Bxc5 Nxc5 26. Ne5
Bxg2 27. Kxg2 Qb7+ 28. Qf3 Qxf3+ 29. Kxf3 f6 30. Nc4 b5 31. Na5 Nd7 32. Nc6
Re8 33. Ke3 Kf7 34. Nd4 Ne5 35. f4 Nd7 36. Rc7 Ke7 37. Ra7 e5 38. fxe5 fxe5
39. Nf5+ Kf6 40. Rxd7 Kxf5 41. Rxg7 Rc8 42. Rxh7 Rc3+ 43. Kf2 Rc2 44. g4+
Kg6 45. Ra7 Rxa2 46. h4 Ra3 47. e3 a5 48. Kf3 a4 49. bxa4 Rxa4 50. Rb7 b4
51. Rb6+ Kg7 52. h5 e4+ 53. Kf4 b3 54. Rxb3 Rc4 55. Rb7+ Kf6 56. g5+ Ke6 57.
h6 Rc1 58. h7 Rh1 59. g6 Kf6 60. g7 Rh4+ 61. Kg3 Rxh7 62. g8=Q Rxb7 63. Qd8+
Ke6 64. Qc8+ Rd7 65. Qc6+ Rd6 66. Qxe4+ Kd7 67. Qf5+ Re6 68. Kf4 Ke7 69. e4
Rf6 70. Ke5 Rxf5+ 71. Kxf5 Kf7 72. e5 Ke7 73. e6 Ke8 74. Ke5 Kf8 75. Kd5 Ke8
76. Kc6 Kd8 77. Kd6 Ke8 78. e7 Kf7 79. Kd7 Kf6 80. e8=Q Kf5 81. Qe3 Kg4 82.
Ke6 Kh4 {White ran out of time and Black has no material to mate} 1/2-1/2

[Event "ICC Open 2015"]
[Site "Internet Chess Club"]
[Date "2015.05.29"]
[Round "3"]
[White "MastroNuzzo"]
[Black "Volkov"]
[Result "0-1"]
[ICCResult "White checkmated"]
[WhiteElo "2441"]
[BlackElo "3013"]
[Opening "Colle system"]
[ECO "D04"]
[NIC "QP.09"]
[Time "14:26:36"]
[TimeControl "180+0"]

1. Nf3 d5 2. d4 Nf6 3. e3 c5 4. c3 e6 5. Bd3 b6 6. O-O Bb7 7. Nbd2 Nbd7 8.
Qe2 Ne4 9. Ne1 Bd6 10. f4 O-O 11. Nef3 f6 12. Re1 Qe7 13. Nf1 a6 14. Bd2 b5
15. Rad1 c4 16. Bc2 a5 17. Bc1 b4 18. Bxe4 dxe4 19. N3d2 Bd5 20. Ng3 f5 21.
Nxc4 Rfc8 22. Nxd6 Qxd6 23. Bd2 Bc4 24. Qh5 Nf6 25. Qg5 h6 26. Qg6 Bxa2 27.
Ra1 Bd5 28. cxb4 axb4 29. Rxa8 Rxa8 30. Rc1 b3 31. Nh5 Nxh5 32. Qxh5 Qe7 33.
Be1 Qf7 34. Qe2 Kh7 35. Qb5 Ra2 36. Bc3 Qa7 37. h4 Ra1 38. Rxa1 Qxa1+ 39.
Kh2 Qd1 40. Qe8 Qg4 41. h5 Bc4 42. Kg1 Qg3 43. Qf7 Qxe3+ 44. Kh2 Qxf4+ 45.
g3 Qg4 46. Bd2 Be2 47. Qxe6 Qxh5+ 48. Kg1 Bf3 49. Kf2 Qh2+ 50. Ke3 Qe2+ 51.
Kf4 Qxd2+ 52. Kxf5 Qg5# {White checkmated} 0-1

[Event "ICC Open 2015"]
[Site "Internet Chess Club"]
[Date "2015.05.29"]
[Round "3"]
[White "Bleeksk"]
[Black "maki89"]
[Result "1-0"]
[ICCResult "Black forfeits on time"]
[WhiteElo "1958"]
[BlackElo "2363"]
[Opening "English: symmetrical variation"]
[ECO "A37"]
[NIC "EO.28"]
[Time "14:25:58"]
[TimeControl "180+0"]

1. c4 g6 2. Nc3 Bg7 3. g3 c5 4. Bg2 Nc6 5. Nf3 e6 6. O-O Nge7 7. e3 O-O 8.
d4 cxd4 9. exd4 d5 10. cxd5 Nxd5 11. Nxd5 Qxd5 12. Be3 Qd8 13. Rc1 Nb4 14.
Qb3 Nd5 15. Ne1 b6 16. Nd3 Ba6 17. Rfd1 Nxe3 18. fxe3 Rc8 19. Nb4 Be2 20.
Re1 Bb5 21. a4 Bd7 22. Qa3 Qg5 23. Nc6 Bxc6 24. Bxc6 Rc7 25. b4 Rd8 26. b5
Bf8 27. Qc3 h5 28. Re2 Bd6 29. Rg2 Kh7 30. Rf1 f5 31. Qe1 e5 32. dxe5 Bxe5
33. Qf2 Rd3 34. Rd1 Rxe3 35. h4 Qh6 36. Re1 Rxe1+ 37. Qxe1 Re7 38. Qc1 Bd4+
39. Kh2 Be3 40. Qh1 Qg7 41. Bf3 Qe5 42. Bxh5 f4 43. Bf3 {Black forfeits on
time} 1-0

[Event "ICC Open 2015"]
[Site "Internet Chess Club"]
[Date "2015.05.29"]
[Round "3"]
[White "Meditator"]
[Black "JCarllsen"]
[Result "1-0"]
[ICCResult "Black resigns"]
[WhiteElo "2274"]
[BlackElo "1806"]
[Opening "King's Indian: fianchetto, classical variation, 8.e4"]
[ECO "E68"]
[NIC "KI.64"]
[Time "14:26:50"]
[TimeControl "180+0"]

1. d4 Nf6 2. c4 g6 3. g3 Bg7 4. Bg2 O-O 5. Nc3 d6 6. Nf3 Nbd7 7. O-O e5 8.
e4 exd4 9. Nxd4 Re8 10. Re1 Nc5 11. h3 Bd7 12. Rb1 a5 13. b3 h6 14. Bb2 a4
15. b4 a3 16. Ba1 Ne6 17. Ndb5 Ng5 18. Kh2 Qc8 19. g4 Ne6 20. Qd2 h5 21. g5
Nh7 22. h4 Bf8 23. Nd5 c6 24. f4 cxd5 25. f5 Nc7 26. Qd4 Re5 27. exd5 Nxb5
28. cxb5 Bxf5 29. Rxe5 dxe5 30. Qxe5 Qb8 31. Qxb8 Rxb8 32. Rc1 Rd8 33. Be5
Bd6 34. Bxd6 Rxd6 35. Rc7 Nf8 36. Rxb7 Rd7 37. Rb8 Kg7 38. b6 Be4 39. Bxe4
Re7 40. Bg2 Nd7 41. Rb7 {Black resigns} 1-0

[Event "ICC Open 2015"]
[Site "Internet Chess Club"]
[Date "2015.05.29"]
[Round "3"]
[White "ghorok"]
[Black "Lundendorf"]
[Result "0-1"]
[ICCResult "White checkmated"]
[WhiteElo "1535"]
[BlackElo "1799"]
[Opening "QGD Slav defense: exchange variation"]
[ECO "D13"]
[NIC "SL.01"]
[Time "14:26:14"]
[TimeControl "180+0"]

1. d4 c6 2. c4 d5 3. cxd5 cxd5 4. Nc3 Nf6 5. Nf3 Nc6 6. Bg5 e6 7. e3 Be7 8.
Bd3 a6 9. O-O b5 10. a3 Na5 11. Ne5 Bb7 12. Rc1 Nc4 13. Nxc4 dxc4 14. Bb1
Nd5 15. Bxe7 Qxe7 16. Nxd5 Bxd5 17. a4 O-O 18. e4 Bb7 19. b3 Rac8 20. bxc4
bxc4 21. Qh5 Qb4 22. e5 g6 23. Qh4 Rfe8 24. Rfe1 c3 25. Re3 Qf8 26. Rh3 Qg7
27. Rhxc3 Rxc3 28. Rxc3 Rd8 29. Rd3 Rc8 30. Rd1 Qf8 31. h3 Qb4 32. Be4 Qxa4
33. Rb1 Bxe4 34. Qxe4 Qc6 35. Qf4 Rd8 36. Rb4 a5 37. Rb2 a4 38. Qe3 Qc4 39.
Rb7 Qc6 40. Ra7 Rd7 41. Rxd7 Qxd7 42. Qc3 Kg7 43. Kf1 Qb5+ 44. Ke1 Qa6 45.
Kd2 a3 46. Qf3 Qa5+ 47. Kc2 a2 48. Qf6+ Kg8 49. Qd8+ Qxd8 50. Kb2 Qxd4+ 51.
Kb3 Qxf2 52. Kb4 a1=Q 53. Kb5 Qc1 54. Kb4 Qfb2+ 55. Ka4 Qca1# {White
checkmated} 0-1

[Event "ICC Open 2015"]
[Site "Internet Chess Club"]
[Date "2015.05.29"]
[Round "3"]
[White "eddington"]
[Black "Birdy69"]
[Result "1-0"]
[ICCResult "Black resigns"]
[WhiteElo "2121"]
[BlackElo "1738"]
[Opening "Alekhine's defense: modern, Flohr variation"]
[ECO "B05"]
[NIC "AL.03"]
[Time "14:26:28"]
[TimeControl "180+0"]

1. e4 Nf6 2. e5 Nd5 3. d4 d6 4. Nf3 Bg4 5. Be2 c6 6. h3 Bxf3 7. Bxf3 dxe5 8.
dxe5 e6 9. Nd2 Nd7 10. Qe2 Qc7 11. Nc4 O-O-O 12. Bg5 Re8 13. O-O-O h6 14.
Bh4 g5 15. Bg3 Nf4 16. Qe3 Bc5 17. Qe4 f5 18. exf6 Nxf6 19. Qe5 N6d5 20.
Rhe1 b5 21. Qxc7+ Kxc7 22. Ne5 Bd6 23. Nf7 Rhf8 24. Nxh6 e5 25. Ng4 Nb4 26.
a3 Na6 27. Ne3 Nc5 28. Bg4 Nce6 29. Nf5 Nxg2 30. Nxd6 Nxe1 31. Nxe8+ Rxe8
32. Rxe1 Nd4 33. Rxe5 {Black resigns} 1-0

[Event "ICC Open 2015"]
[Site "Internet Chess Club"]
[Date "2015.05.29"]
[Round "3"]
[White "TheCypriot"]
[Black "dwg6"]
[Result "0-1"]
[ICCResult "White forfeits on time"]
[WhiteElo "1831"]
[BlackElo "2267"]
[Opening "English: Neo-Catalan accepted"]
[ECO "A13"]
[NIC "RE.10"]
[Time "14:26:58"]
[TimeControl "180+0"]

1. c4 e6 2. g3 Nf6 3. Bg2 d5 4. Nf3 dxc4 5. O-O a6 6. a4 Nc6 7. a5 e5 8. Qa4
Bd6 9. Na3 O-O 10. Nxc4 e4 11. Ng5 Re8 12. Nxd6 Qxd6 13. Nxe4 Nxe4 14. Bxe4
Bh3 15. Bg2 Bxg2 16. Kxg2 Nd4 17. d3 Rxe2 18. Qc4 Rc2 19. Bf4 Qd7 20. Qa4
Qd5+ 21. Kh3 g5 22. Be3 Qf5+ 23. Kg2 Qf3+ 24. Kh3 g4+ 25. Kh4 Nf5+ 26. Kh5
Rc6 27. Qxg4+ Qxg4+ 28. Kxg4 Nxe3+ 29. fxe3 Re8 {White forfeits on time} 0-1

[Event "ICC Open 2015"]
[Site "Internet Chess Club"]
[Date "2015.05.29"]
[Round "3"]
[White "manitodeplomo"]
[Black "AlexSlizhevsky"]
[Result "1-0"]
[ICCResult "Black forfeits on time"]
[WhiteElo "2621"]
[BlackElo "2108"]
[Opening "Grünfeld: Grünfeld gambit, Botvinnik variation"]
[ECO "D83"]
[NIC "GI.03"]
[Time "14:26:11"]
[TimeControl "180+0"]

1. d4 Nf6 2. c4 g6 3. Nc3 d5 4. Bf4 Bg7 5. e3 O-O 6. Rc1 c5 7. dxc5 Be6 8.
Nf3 Nc6 9. Ng5 Bg4 10. f3 e5 11. Bg3 d4 12. Nb5 Qa5+ 13. Qd2 Qxd2+ 14. Kxd2
dxe3+ 15. Kxe3 Bh6 16. h4 Bf5 17. Bh2 Rad8 18. g4 Bxg4 19. fxg4 Nxg4+ 20.
Ke2 a6 21. Nd6 Nd4+ 22. Kd3 f6 23. Bg1 fxg5 24. Bxd4 exd4 25. Kxd4 gxh4 26.
Re1 Bg7+ 27. Kd5 Rf5+ 28. Ke6 Rf6+ 29. Ke7 Rb8 30. Bg2 Bf8+ 31. Kd7
{Black forfeits on time}
1-0

[Event "ICC Open 2015"]
[Site "Internet Chess Club"]
[Date "2015.05.29"]
[Round "3"]
[White "Ramanip15"]
[Black "HappyEnding"]
[Result "1-0"]
[ICCResult "Black forfeits on time"]
[WhiteElo "1908"]
[BlackElo "2264"]
[Opening "Sicilian: Najdorf, Byrne (English) attack"]
[ECO "B90"]
[NIC "SI.14"]
[Time "14:26:38"]
[TimeControl "180+0"]

1. e4 c5 2. Nf3 d6 3. d4 cxd4 4. Nxd4 Nf6 5. Nc3 a6 6. Be3 e6 7. f3 b5 8.
Qd2 b4 9. Nce2 d5 10. e5 Nfd7 11. f4 Bb7 12. O-O-O Qa5 13. Kb1 Nc6 14. Nxc6
Bxc6 15. Nd4 Qc7 16. f5 exf5 17. Nxc6 Qxc6 18. Qxd5 Qxd5 19. Rxd5 Be7 20.
Be2 Nf8 21. Rhd1 Ne6 22. Bf3 Rb8 23. Rd7 Bc5 24. Bxc5 Nxc5 25. Rc7 Ne4 26.
Bxe4 fxe4 27. Rdd7 O-O 28. e6 h6 29. Kc1 e3 30. Kd1 Kh8 31. exf7 Rb6 32. Ke2
g5 33. Re7 Kg7 34. Re8 Rf6 35. Rxf8 Kxf8 36. Kxe3 Re6+ 37. Kd4 Kg7 38. Kd5
Re2 39. Kd6 Rxg2 40. Ke7 Re2+ 41. Kd8 Kf8 42. Kc8 {Black forfeits on time}
1-0

[Event "ICC Open 2015"]
[Site "Internet Chess Club"]
[Date "2015.05.29"]
[Round "3"]
[White "Chaos23"]
[Black "Qualm"]
[Result "1-0"]
[ICCResult "Black forfeits on time"]
[WhiteElo "2051"]
[BlackElo "1707"]
[Opening "King's Indian: 5.Be2"]
[ECO "E73"]
[NIC "KI.27"]
[Time "14:26:24"]
[TimeControl "180+0"]

1. c4 Nf6 2. Nc3 g6 3. e4 d6 4. d4 Bg7 5. Be2 Nc6 6. Nf3 O-O 7. d5 Nb8 8.
O-O c6 9. Bg5 Bg4 10. h3 Bxf3 11. Bxf3 Nbd7 12. Qd2 Ne5 13. Be2 a6 14. f4
Ned7 15. Kh1 Rc8 16. Rae1 Nc5 17. e5 Nfe4 18. Nxe4 Nxe4 19. Qe3 Nxg5 20.
fxg5 Bxe5 21. Bf3 c5 22. Bg4 Rc7 23. Rf3 b5 24. b3 bxc4 25. bxc4 Rb7 26.
Ref1 f6 27. h4 f5 28. h5 Qa5 29. Qf2 Rb2 30. Qe3 Qxa2 31. Bh3 a5 32. hxg6
hxg6 33. Qe1 Rb4 34. Qh4 Bg7 35. Re1 Qxc4 36. Qf2 Qxd5 37. Rxe7 Rb1+ 38. Re1
Rxe1+ 39. Qxe1 Be5 40. Rf1 c4 41. Qh4 Bg7 42. Kh2 c3 43. g3 Re8 44. Bg2 Re2
45. Rg1 c2 46. Qa4 Qc5 47. Qa2+ d5 48. Rc1 Qe3 49. Qxd5+ Kh7 50. Rxc2 Rxc2
51. Qxa5 {Black forfeits on time} 1-0

[Event "ICC Open 2015"]
[Site "Internet Chess Club"]
[Date "2015.05.29"]
[Round "3"]
[White "altoming"]
[Black "ChessNakas"]
[Result "0-1"]
[ICCResult "White forfeits on time"]
[WhiteElo "1740"]
[BlackElo "2167"]
[Opening "French: exchange variation"]
[ECO "C01"]
[NIC "FR.01"]
[Time "14:26:04"]
[TimeControl "180+0"]

1. e4 e6 2. d4 d5 3. exd5 exd5 4. Nf3 Nf6 5. Be2 c5 6. O-O cxd4 7. Nxd4 Nc6
8. Nc3 Bc5 9. Nxc6 bxc6 10. Bg5 O-O 11. Bf3 Ba6 12. Re1 Qb6 13. Qd2 Qxb2 14.
Na4 Qd4 15. Nxc5 Qxc5 16. Bxf6 gxf6 17. Qh6 Qxc2 18. Qxf6 Bb5 19. a4 Bc4 20.
Qxc6 Rfc8 21. Qh6 Qg6 22. Qe3 Re8 23. Qxe8+ Rxe8 24. Rxe8+ Kg7 25. Rae1 a6
26. a5 Qd3 27. Bd1 Qd2 {White forfeits on time} 0-1

[Event "ICC Open 2015"]
[Site "Internet Chess Club"]
[Date "2015.05.29"]
[Round "3"]
[White "fviana"]
[Black "TudoracheM"]
[Result "1-0"]
[ICCResult "Black forfeits on time"]
[WhiteElo "2353"]
[BlackElo "1861"]
[Opening "Sicilian defense"]
[ECO "B30"]
[NIC "SI.31"]
[Time "14:26:16"]
[TimeControl "180+0"]

1. e4 c5 2. Nf3 Nc6 3. b3 Nf6 4. Bd3 e5 5. Bb2 d6 6. O-O Bg4 7. h3 Bxf3 8.
Qxf3 Nd4 9. Qd1 Be7 10. Re1 O-O 11. Bf1 a6 12. c3 Ne6 13. g3 b5 14. Bg2 Ra7
15. d3 Rd7 16. Nd2 Nc7 17. Nf1 Nfe8 18. Ne3 g6 19. d4 exd4 20. cxd4 Bf6 21.
f4 Bg7 22. Qd2 Ne6 23. Nc2 Qb6 24. Rad1 cxd4 25. Nxd4 Nxd4 26. Bxd4 Bxd4+
27. Qxd4 Qxd4+ 28. Rxd4 Nc7 29. Red1 Rfd8 30. e5 Ne8 31. Bc6 Rc7 32. Bxe8
Rxe8 33. Rxd6 Rc2 34. R6d2 Rec8 35. Kf2 Kf8 36. h4 Ke7 37. Kf3 a5 38. Rd7+
Ke8 39. R7d5 Rxa2 40. Rxb5 Ra3 41. Rdd5 a4 42. Rd3 axb3 43. Rbxb3 Rxb3 44.
Rxb3 Rc7 45. Kg4 h6 46. h5 Ke7 47. hxg6 fxg6 48. Rb6 Kf7 49. Kh4 Kg7 50. g4
Rf7 51. Rb4 Re7 52. Kg3 Rf7 53. Kf3 Re7 54. Ke4 Rc7 55. f5 gxf5+ 56. gxf5 h5
57. Rb6 Rc1 58. Rg6+ Kh7 59. e6 Re1+ 60. Kd5 {Black forfeits on time} 1-0

[Event "ICC Open 2015"]
[Site "Internet Chess Club"]
[Date "2015.05.29"]
[Round "3"]
[White "Psycho-Cowboy"]
[Black "Otho"]
[Result "1-0"]
[ICCResult "Black forfeits on time"]
[WhiteElo "2429"]
[BlackElo "1902"]
[Opening "QGD: classical variation (5.Bf4)"]
[ECO "D37"]
[NIC "QO.04"]
[Time "14:26:01"]
[TimeControl "180+0"]

1. d4 d5 2. c4 e6 3. Nc3 Nf6 4. Nf3 Be7 5. Bf4 O-O 6. e3 b6 7. cxd5 exd5 8.
Bd3 c5 9. O-O Bg4 10. Be2 Nc6 11. Ne5 Bxe2 12. Qxe2 Nxe5 13. dxe5 Ne8 14.
Rfd1 Nc7 15. Qf3 d4 16. Ne2 Ne6 17. Bg3 Qd7 18. Qe4 Rfd8 19. f4 g6 20. h4
Qd5 21. Qxd5 Rxd5 22. e4 Rdd8 23. f5 gxf5 24. exf5 Nc7 25. Nf4 Nd5 26. Rd3
Ne3 27. f6 Bf8 28. b3 Bh6 29. Re1 Nf5 30. Bh2 Bxf4 31. Bxf4 Nxh4 32. e6 fxe6
33. Rxe6 Ng6 34. Bd6 Kf7 35. Re7+ Nxe7 36. Bxe7 Rd5 37. Kf2 b5 38. Rh3 Rh8
39. Ke2 c4 40. Kd2 c3+ 41. Kd3 b4 42. Bxb4 Kxf6 43. Rf3+ Ke5 44. Rh3 Rg8 45.
g3 Rg5 46. Bf8 h5 47. Bh6 Rf5 48. Bf4+ Rxf4 49. gxf4+ Kxf4 50. Rh4+ Kg3 51.
Rh1 h4 52. Rg1+ Kf2 53. Rh1 Kg3 54. Rg1+ Kh2 55. Rg4 h3 56. Kc4 c2 57. Kxd5
c1=Q 58. Rxd4 Qb2 59. Rd3 Qxa2 60. Rc3 Kg2 61. Kc4 {Black forfeits on time}
1-0

[Event "ICC Open 2015"]
[Site "Internet Chess Club"]
[Date "2015.05.29"]
[Round "3"]
[White "Satyricon"]
[Black "knightstar"]
[Result "1-0"]
[ICCResult "Black forfeits on time"]
[WhiteElo "2260"]
[BlackElo "1830"]
[Opening "Robatsch defense: Pseudo-Austrian attack"]
[ECO "A40"]
[NIC "KF.05"]
[Time "14:26:42"]
[TimeControl "180+0"]

1. d4 g6 2. e4 Bg7 3. Nc3 d6 4. f4 Nc6 5. Nf3 Bg4 6. Be3 e6 7. Be2 Nge7 8.
Qd2 O-O 9. O-O Bxf3 10. Bxf3 f5 11. Rad1 d5 12. exd5 Nxd5 13. Bf2 a6 14.
Rfe1 Qd6 15. g3 Rae8 16. Re2 b5 17. Rde1 Nxc3 18. bxc3 Na5 19. d5 Nc4 20.
Qd3 e5 21. fxe5 Nxe5 22. Qe3 Nxf3+ 23. Qxf3 Rxe2 24. Rxe2 Rd8 25. Rd2 c6 26.
Bb6 Re8 27. Kg2 cxd5 28. Rxd5 Qxb6 29. Rd3 Qe6 30. h4 Qe4 31. Qxe4 fxe4 32.
Re3 Bh6 33. Re2 e3 34. g4 Bf4 35. Kf3 Rf8 36. Ke4 h6 37. g5 hxg5 38. hxg5
Bxg5 39. Rg2 Bh6 40. Rxg6+ Kh7 41. Rg1 Re8+ 42. Kd3 e2 43. Re1 Bg7 44. Rh1+
Kg8 45. Re1 {Black forfeits on time} 1-0